 Dungeon Crawl Stone Soup version 0.25-a0-388-g41a7e554cb (webtiles) character file.

Game seed: 16268875155815669154, levelgen mode: deterministic

11049 Borgoz the Basher (level 11, -4/71 HPs)
             Began as a Gargoyle Gladiator on Jan 7, 2020.
             Was a High Priest of Okawaru.
             Slain by a cyclops (14 damage)
             ... on level 11 of the Dungeon.
             The game lasted 00:16:06 (12427 turns).

Borgoz the Basher (Gargoyle Gladiator)             Turns: 12427, Time: 00:16:07

Health: -4/71      AC: 27    Str: 27    XL:     11   Next: 71%
Magic:  14/15      EV: 15    Int:  8    God:    Okawaru [*****.]
Gold:   507        SH:  0    Dex: 11    Spells: 10/10 levels left

rFire    + . .     SeeInvis +   D - +4 flail
rCold    . . .     Gourm    .   (no shield)
rNeg     + . .     Faith    .   b - +0 chain mail
rPois    ∞         Spirit   .   c - +0 helmet
rElec    +         Reflect  .   u - +0 cloak
rCorr    .         Harm     .   (no gloves)
MR       .....                  t - +1 pair of boots {Fly}
Stlth    ..........             (no amulet)
HPRegen  0.21/turn              l - ring of protection from fire
MPRegen  0.14/turn              C - ring of see invisible

@: mighty, heroism, flying
A: negative energy resistance 1, electricity resistance, unbreathing,
petrification resistance, rot immunity, AC +8
a: Heroism, Finesse, Renounce Religion, Stop Flying


You were on level 11 of the Dungeon.
You worshipped Okawaru.
Okawaru was extremely pleased with you.
You were not hungry.

You visited 2 branches of the dungeon, and saw 12 of its levels.

You collected 507 gold pieces.

Inventory:

Hand Weapons
 D - a +4 flail (weapon)
Missiles
 a - a throwing net (quivered)
Armour
 b - a +0 chain mail (worn)
 c - a +0 helmet (worn)
 t - a +1 pair of boots of flying (worn)
 u - a +0 cloak (worn)
Jewellery
 l - a ring of protection from fire (left hand)
 C - a ring of see invisible (right hand)
 E - an uncursed amulet of regeneration {unknown}
Wands
 q - a wand of iceblast (35)
 r - a wand of flame (18)
 y - a wand of disintegration (32)
Scrolls
 e - 4 scrolls of teleportation
 g - 4 scrolls of blinking
 h - 3 scrolls of remove curse
 j - 4 scrolls of fear {unknown}
 k - a scroll of magic mapping {unknown}
 o - 2 scrolls of immolation {unknown}
 v - 2 scrolls of amnesia {unknown}
 x - a scroll of fog {unknown}
 z - 2 scrolls of enchant weapon {unknown}
Potions
 d - 3 potions of resistance
 i - 2 potions of mutation {unknown}
 m - 5 potions of curing
 n - a potion of brilliance
 p - 2 potions of lignification
 w - 2 potions of haste
 A - 3 potions of flight
Comestibles
 f - 20 rations
 s - 8 chunks of flesh


   Skills:
 + Level 9.5(14.5) Fighting
 + Level 10.1(15.1) Maces & Flails
 - Level 1.7(6.7) Throwing
 + Level 9.2(14.2) Armour
 + Level 7.5(12.5) Dodging
 + Level 5.6 Invocations


You had 10 spell levels left.
You didn't know any spells.
Your spell library was empty.

Dungeon Overview and Level Annotations

Branches:
Dungeon (11/15)            Temple (1/1) D:4            Lair (0/6) D:11
    Orc (0/2) D:9

Altars:
Ashenzari
Dithmenos
Elyvilon
Gozag
Hepliaklqana
Kikubaaqudgha
Makhleb
Nemelex Xobeh
Okawaru
Qazlal
Ru
Sif Muna
Trog
Uskayaw
Vehumet
Wu Jian
Xom
Yredelemnul
Zin
The Shining One

Portals:
Abyss: D:9

Annotations:
D:4 1 runed translucent door, Sloany's ghost, amateur HOFi
D:9 2 transporters, MoonlitKnight's ghost, novice DECj
D:10 3 runed translucent doors, Nafuereu's ghost, journeyman DgAE


Innate Abilities, Weirdness & Mutations

You are resistant to torment.
Your stone body is resilient. (AC +8)
You are immune to poison.
You resist negative energy. (rN+)
You are resistant to electric shocks. (rElec)
You can survive without breathing.
You are immune to petrification.
You are immune to rotting.


Message History

The hippogriff claws you but does no damage.
The cyclops hits you. The troll barely misses you.
The troll completely misses you. The troll claws you.
* * * LOW HITPOINT WARNING * * *
You barely miss the cyclops. The hippogriff closely misses you.
The hippogriff misses you.
The hippogriff claws you but does no damage.
The troll barely misses you. The troll claws you.
* * * LOW HITPOINT WARNING * * *
The troll claws you but does no damage. The cyclops hits you!
* * * LOW HITPOINT WARNING * * *
You sock the cyclops!
The cyclops is moderately wounded.
The hippogriff completely misses you.
The hippogriff pecks you but does no damage.
The hippogriff claws you but does no damage.
Unknown command.
You feel better. The troll barely misses you. The troll closely misses you. x2
The cyclops hits you!
You die...

.........(<)(## . ....
....#####..())##
##.#...##......##.......
...#...........#........
...............#<.......
...............#......##
...............#......##
......C........#........
.$....T@.......#........
......H#######'##.......
....... #......##.......
....... #...............
....... #...............
....... #...............
....... #......##.......
....... #########.......
........


You could see a cyclops, a hippogriff and a troll.

Vanquished Creatures
  2 two-headed ogres (D:10)
  A tengu warrior (D:8)
  A centaur warrior (D:8)
  An unseen horror (D:10)
  A kobold demonologist (D:11)
  3 trolls
  A hornet (D:10)
  2 hippogriffs (D:8)
  2 wraiths (D:9)
  A water elemental (D:10)
  A warg (D:9)
  2 ice beasts
  A hornet zombie (D:8)
  A sky beast (D:10)
  A phantom (D:4)
  4 necrophages
  4 wolves (D:10)
  9 ogres
  8 orc warriors
  11 centaurs
  A big kobold (D:8)
  3 bullfrogs
  An elf zombie (D:9)
  5 scorpions
  A water moccasin skeleton (D:9)
  4 killer bees (D:10)
  A howler monkey (D:9)
  4 wights
  An electric eel (D:11)
  A centaur zombie (D:8)
  2 crimson imps
  3 jellies
  8 hounds
  12 orc wizards
  6 orc priests
  Terence (D:2)
  4 human zombies (D:9)
  Jessica (D:3)
  4 iguanas
  8 worker ants
  2 killer bee zombies
  A hound skeleton (D:4)
  A mummy (D:9)
  2 worker ant zombies (D:9)
  10 gnolls
  2 howler monkey skeletons
  10 adders
  3 shadow imps
  An adder zombie (D:5)
  An adder skeleton (D:8)
  6 worms
  3 dart slugs
  2 leopard geckos (D:4)
  32 orcs
  2 ball pythons
  5 giant cockroaches
  10 goblins
  7 hobgoblins
  A jackal (D:2)
  8 quokkas
  14 bats
  4 frilled lizards
  A jackal zombie (D:6)
  9 kobolds
  10 rats
275 creatures vanquished.

Vanquished Creatures (others)
  An orc priest (D:8)
1 creature vanquished.

Grand Total: 276 creatures vanquished

Notes
Turn   | Place    | Note
-------+----------+-------------------------------------------
     0 | D:1      | Borgoz the Gargoyle Gladiator began the quest for the Orb.
     0 | D:1      | Reached XP level 1. HP: 12/12 MP: 1/1
   168 | D:1      | Reached XP level 2. HP: 18/18 MP: 2/2
   511 | D:1      | Reached skill level 1 in Armour
   611 | D:1      | Reached XP level 3. HP: 22/22 MP: 3/3
  1597 | D:2      | Reached XP level 4. HP: 27/27 MP: 4/4
  1893 | D:2      | Reached skill level 4 in Maces & Flails
  1927 | D:2      | Reached XP level 5. HP: 21/32 MP: 5/5
  2128 | D:2      | Noticed Terence
  2150 | D:2      | Killed Terence
  2440 | D:3      | Noticed Jessica
  2451 | D:3      | Killed Jessica
  2914 | D:3      | Reached XP level 6. HP: 35/37 MP: 6/6
  3098 | D:3      | Reached skill level 5 in Maces & Flails
  3628 | D:4      | Found a runed translucent door.
  3653 | D:4      | Noticed Sloany's ghost (amateur HOFi)
  3666 | D:4      | Reached XP level 7. HP: 30/43 MP: 7/7
  3835 | D:4      | Found a sparkling altar of Nemelex Xobeh.
  4048 | D:4      | Found a staircase to the Ecumenical Temple.
  4061 | Temple   | Entered the Ecumenical Temple
  4318 | D:5      | Entered Level 5 of the Dungeon
  4574 | D:5      | Reached skill level 6 in Maces & Flails
  5342 | D:6      | Reached XP level 8. HP: 40/48 MP: 8/8
  5509 | D:6      | Reached skill level 5 in Fighting
  6134 | D:6      | Found an iron altar of Okawaru.
  6268 | D:6      | Became a worshipper of Warmaster Okawaru
  6460 | D:7      | Reached skill level 7 in Maces & Flails
  6728 | D:7      | Reached skill level 5 in Armour
  6951 | D:7      | Reached XP level 9. HP: 48/55 MP: 9/9
  7031 | D:7      | Reached * piety under Okawaru
  7031 | D:7      | Reached skill level 5 in Dodging
  7813 | D:8      | Noticed a centaur warrior
  7833 | D:8      | Noticed a skeletal warrior
  7838 | D:8      | Noticed a cyclops
  7842 | D:8      | Noticed a tengu warrior
  7844 | D:8      | Killed a centaur warrior
  7844 | D:8      | Reached ** piety under Okawaru
  7844 | D:8      | Reached skill level 8 in Maces & Flails
  8014 | D:9      | Found a transporter.
  8212 | D:9      | Found a one-way gate to the infinite horrors of the Abyss.
  8212 | D:9      | Noticed MoonlitKnight's ghost (novice DECj)
  8230 | D:9      | Found a transporter.
  8244 | D:9      | Noticed a toenail golem
  8433 | D:8      | Reached XP level 10. HP: 61/63 MP: 10/10
  8520 | D:8      | Reached *** piety under Okawaru
  8520 | D:8      | Reached skill level 1 in Invocations
  8637 | D:8      | HP: 2/64 [tengu warrior/+2 battleaxe (15)]
  8640 | D:8      | Killed a tengu warrior
  8640 | D:8      | Reached skill level 9 in Maces & Flails
  9181 | D:9      | Found a staircase to the Orcish Mines.
  9356 | D:9      | Reached **** piety under Okawaru
  9375 | D:9      | Found an ancient bone altar of Kikubaaqudgha.
  9666 | D:9      | Found an ornate altar of the Wu Jian Council.
  9675 | D:9      | Found a hide-covered altar of Uskayaw.
  9748 | D:9      | Reached XP level 11. HP: 40/69 MP: 12/14
  9897 | D:10     | Entered Level 10 of the Dungeon
 10124 | D:10     | Noticed a two-headed ogre
 10142 | D:10     | Killed a two-headed ogre
 10142 | D:10     | Reached ***** piety under Okawaru
 10512 | D:10     | Noticed Nafuereu's ghost (journeyman DgAE)
 10541 | D:10     | Found a runed translucent gate.
 10541 | D:10     | Found a runed translucent gate.
 10541 | D:10     | Found a runed translucent gate.
 11101 | D:10     | Noticed a two-headed ogre
 11113 | D:10     | Killed a two-headed ogre
 11113 | D:10     | Reached skill level 5 in Invocations
 11320 | D:11     | Found a staircase to the Lair.
 11345 | D:11     | Noticed an unseen horror
 11820 | D:10     | Killed an unseen horror
 11820 | D:10     | Reached skill level 10 in Maces & Flails
 11826 | D:10     | Received a gift from Okawaru
 12413 | D:11     | Noticed a cyclops
 12425 | D:11     | HP: 3/71 [cyclops (12)]
 12427 | D:11     | Slain by a cyclops

Levels and vault maps discovered:
D:1:      dpeg_arrival_arbitrary_a, layout_basic
D:2:      minmay_diamond_boxcup, layout_loops_ring, uniq_terence
D:3:      layout_rooms, guppyfry_early_orc_mine, uniq_jessica
D:4:      layout_basic, minmay_temple_entry_gardened_gates,
          hellmonk_ghost_happy_afterlife, nemelex_lonely_heart_becter
D:5:      layout_layer_cave, first_ration
D:6:      layout_loops_ring, kennysheep_little_box
D:7:      layout_gridville, grunt_ogre_cave
D:8:      minmay_bloctagon, layout_basic
D:9:      layout_long_grid, grunt_temple_overflow_open,
          nicolae_overflow_hidden_temple, lemuel_mausoleum_altar_kikubaaqudgha,
          david_orc_1_choice, gammafunk_ghost_abyssal_escape
D:10:     layout_basic, gammafunk_ghost_icy
D:11:     layout_gridville, erik_lair_island
Temple:   regret_index_temple_sphere_string

Skill      XL: |  1  2  3  4  5  6  7  8  9 10 11 |
---------------+----------------------------------+-----
Armour         | 1 2 3 4 5 7 8 9 |  9.2
Fighting       | 3 4 5 7 8 9 |  9.5
Maces & Flails | 4 5 6 7 8 9 10 | 10.1
Dodging        | 3 4 6 7 |  7.5
Invocations    | 4 5 |  5.6
Throwing       | |  1.7

Action                   |  1- 3 |  4- 6 |  7- 9 | 10-12 || total
-------------------------+-------+-------+-------+-------++-------
Melee: Flail             |   161 |   232 |   392 |   533 ||  1318
       Punch             |       |       |       |     2 ||     2
Throw: Throwing net      |       |     4 |     4 |     2 ||    10
Invok: Heroism           |       |       |       |     7 ||     7
Evoke: Wand              |       |     2 |       |       ||     2
  Use: Scroll            |       |       |    11 |     3 ||    14
       Potion            |       |       |     2 |     7 ||     9
 Stab: Sleeping          |     1 |       |       |       ||     1
       Held in net/web   |       |     3 |     2 |     3 ||     8
  Eat: Chunk             |     2 |     7 |    13 |    13 ||    35
       Ration            |       |       |     1 |       ||     1
Armor: Leather armour    |    77 |       |       |       ||    77
       Chain mail        |    23 |   213 |   267 |   400 ||   903
Dodge: Dodged            |   109 |   135 |   202 |   375 ||   821

Table legend:
 A = Non-vault XP
 B = Vault XP
 C = Vault XP percentage of total XP
 D = Non-vault monster count
 E = Vault monster count
 F = Vault count percentage of total count
                 A         B        C        D         E       F
            +---------+---------+-------+---------+---------+-------
      Total |   10379 |    5406 |  34.2 |     215 |      60 |  21.8
            +---------+---------+-------+---------+---------+-------
        D:1 |      38 |       0 |   0.0 |      24 |       0 |   0.0
        D:2 |     101 |      93 |  47.9 |      26 |      10 |  27.8
        D:3 |     209 |      53 |  20.2 |      13 |       8 |  38.1
        D:4 |     393 |       0 |   0.0 |      12 |       0 |   0.0
        D:5 |     409 |       0 |   0.0 |      10 |       0 |   0.0
        D:6 |     511 |       0 |   0.0 |      19 |       0 |   0.0
        D:7 |     878 |     118 |  11.8 |      17 |       1 |   5.6
        D:8 |    1277 |    2346 |  64.8 |      22 |      11 |  33.3
        D:9 |    1099 |    1880 |  63.1 |      20 |      21 |  51.2
       D:10 |    4396 |     916 |  17.2 |      38 |       9 |  19.1
       D:11 |    1068 |       0 |   0.0 |      14 |       0 |   0.0
            +---------+---------+-------+---------+---------+-------
